 Dungeon Crawl Stone Soup version 0.32-a0-485-g70f7560b1c (webtiles) character file.

Game seed: 698977749396308894

1956 retardedninja the Chopper (level 8, -4/73 HPs)
             Began as a Mountain Dwarf Fighter on Feb 26, 2024.
             Was an Initiate of Cheibriados.
             Slain by a green ugly thing (11 damage)
             ... on level 6 of the Dungeon.
             The game lasted 00:11:31 (7778 turns).

retardedninja the Chopper (Mountain Dwarf Fighter)  Turns: 7778, Time: 00:11:35

Health: -4/73      AC: 11    Str: 22    XL:     8   Next: 99%
Magic:  8/8        EV:  8    Int: 16    God:    Cheibriados [......]
Gold:   319        SH:  5    Dex: 10    Spells: 7/7 levels left

rFire   . . .        a - +0 war axe
rCold   . . .        c - +0 buckler
rNeg    . . .        h - +0 chain mail
rPois   .            (no helmet)
rElec   .            (no cloak)
rCorr   .            x - +0 pair of gloves
SInv    .            (no boots)
Will    +....        (no amulet) Stlth
                     n - +6 ring of intelligence
HPRegen 0.32/turn    k - ring of willpower
MPRegen 0.11/turn

%: no passive effects
@: lethally poisoned (-4 -> -68), attractive, very slow
A: runic magic, artefact enchanting
a: Renounce Religion


You were on level 6 of the Dungeon.
You worshipped Cheibriados.
Cheibriados was noncommittal.
You visited 2 branches of the dungeon, and saw 7 of its levels.

You collected 319 gold pieces.

Inventory:

Hand Weapons
 a - a +0 war axe (weapon)
Armour
 c - a +0 buckler (worn)
 h - a +0 chain mail (worn)
 p - a scarf of repulsion
 w - a +0 pair of gloves
 x - a +0 pair of gloves (worn)
Jewellery
 j - a ring of see invisible
 k - a ring of willpower (right hand)
 n - a +6 ring of intelligence (left hand)
 t - a ring of resist corrosion
 C - a ring of magical power
Wands
 i - a wand of light (6)
 D - a wand of polymorph (4)
Scrolls
 e - 6 scrolls of identify {unknown}
 f - a scroll of amnesia {unknown}
 g - a scroll of noise {unknown}
 m - 2 scrolls of teleportation
 r - 2 scrolls of revelation {unknown}
 v - 2 scrolls of poison {unknown}
 y - a scroll of blinking {unknown}
 A - 3 scrolls of fog {unknown}
 B - a scroll of immolation {unknown}
Potions
 b - a potion of berserk rage {unknown}
 d - a potion of haste {unknown}
 l - 2 potions of cancellation
 o - a potion of resistance {unknown}
 q - a potion of magic
 s - a potion of enlightenment {unknown}
 z - a potion of ambrosia {unknown}


   Skills:
 + Level 7.2 Fighting
 + Level 7.4 Axes
 + Level 7.2 Armour
 + Level 7.2 Shields


You had 7 spell levels left.
You didn't know any spells.
Your spell library contained the following spells:

 Spells                   Type           Power      Damage    Failure   Level
 Hailstorm                Conj/Ice       0%         3d5       80%         3
 Summon Ice Beast         Ice/Summ       0%         N/A       80%         3
 Manifold Assault         Tloc           0%         N/A       99%         4
 Alistair's Intoxication  Alch           0%         N/A       100%        5
 Borgnjor's Vile Clutch   Necr/Erth      0%         N/A       100%        5
 Freezing Cloud           Conj/Ice/Air   0%         6-21      100%        5
 Iskenderun's Battlesphe  Conj           0%         2d6       100%        5
 Bombard                  Conj/Erth      0%         9d1       100%        6
 Dispersal                Tloc           0%         N/A       100%        6
 Eringya's Noxious Bog    Alch           0%         4d6       100%        6
 Spellforged Servitor     Conj/Summ      0%         N/A       100%        7
 Disjunction              Tloc           0%         N/A       100%        8
 Dragon's Call            Summ           0%         N/A       100%        9


Dungeon Overview and Level Annotations

Branches:
Dungeon (6/15)             Temple (1/1) D:6

Altars:
Ashenzari
Cheibriados
Dithmenos
Elyvilon
Fedhas
Gozag
Kikubaaqudgha
Makhleb
Nemelex Xobeh
Okawaru
Qazlal
Ru
Sif Muna
Trog
Uskayaw
Vehumet
Wu Jian
Xom
Yredelemnul
Zin
The Shining One


Innate Abilities, Weirdness & Mutations

Your spellcasting is much less encumbered by armour.
You can use scrolls of enchantment on lesser artefacts.


Message History

You slash the green ugly thing!
The green ugly thing is heavily wounded.
The green ugly thing bites you but does no damage.
Aiming: Bolt of Light
Press: ? - help, Q - select action, (/) - cycle Shift-Dir - straight line, f/p - green ugly thing
Aim: a green ugly thing (heavily wounded, 71% to hit)
The bolt of light hits the green ugly thing!
The green ugly thing is severely wounded.
The green ugly thing is blinded.
The green ugly thing bites you!
You hit the green ugly thing.
The green ugly thing is severely wounded.
The green ugly thing bites you but does no damage.
You hit the green ugly thing.
The green ugly thing is almost dead.
The green ugly thing bites you.
You closely miss the green ugly thing.
The green ugly thing is almost dead.
The green ugly thing is no longer blind.
The green ugly thing bites you.
The green ugly thing bites you but does no damage.
You hit the green ugly thing but do no damage.
The green ugly thing is almost dead.
The green ugly thing bites you.
You are lethally poisoned!
The green ugly thing poisons you!
Unknown command.
It was a potion of magic.
Magic courses through your body.
You feel extremely sick. The green ugly thing bites you!
* * * LOW HITPOINT WARNING * * *
You are more poisoned.
The green ugly thing poisons you!
It was a potion of attraction.
You feel attractive to monsters.
* * * LOW HITPOINT WARNING * * *
You feel extremely sick. The green ugly thing bites you!
You die...
Cheibriados appreciates the motionlessness of death.

......#
#.##.......###)##
......#
#.##.............
.^#####
########.##.......##.###
..#
#......#.##.......##.###
..#
#......#.##.......##....
..#
#..?...#.##############.
..#
#......#.#..............
.##
#......#.#.#############
.#
#.....u@.....#.......<#.
.#
#......#.#.#.#.#........
.#
#......#)#.#.....####.#.
.# #........#.# #.# #.#.
.# #......###.# ..$ #.#.
.# #...... #.. ... #.##
.# ####### ### .. #...
.# #### ##


You could see a green ugly thing.

Vanquished Creatures
  Grinder (D:3)
  Sigmund (D:3)
  2 water moccasins
  A black bear (D:6)
  An ice beast (D:6)
  An ogre (D:4)
  A phantom (D:6)
  A kobold brigand (D:6)
  Blork the orc (D:6)
  2 scorpions
  A bombardier beetle (D:6)
  8 hounds
  A jelly (D:5)
  2 orc priests
  2 sleepcaps
  2 iguanas
  3 orc wizards
  8 gnolls
  5 adders
  A white imp (D:6)
  4 ribbon worms
  2 dart slugs
  22 orcs
  6 endoplasms
  2 giant cockroaches
  6 goblins
  8 hobgoblins
  4 quokkas
  4 ball pythons
  9 bats
  5 frilled lizards
  14 kobolds
  7 rats
138 creatures vanquished.

Notes
Turn   | Place    | Note
-------+----------+-------------------------------------------
     0 | D:1      | retardedninja the Mountain Dwarf Fighter began the quest
                  | for the Orb.
     0 | D:1      | Reached XP level 1. HP: 19/19 MP: 1/1
    19 | D:1      | Got Vifaluxu's Encyclopedia of the Chilly Gathering
   211 | D:1      | Reached XP level 2. HP: 26/26 MP: 2/2
   873 | D:2      | Found a sparkling altar of Nemelex Xobeh.
   925 | D:2      | Reached XP level 3. HP: 22/33 MP: 3/3
  1765 | D:3      | Reached XP level 4. HP: 9/40 MP: 4/4
  2065 | D:3      | Noticed Sigmund
  2075 | D:3      | Killed Sigmund
  2076 | D:3      | Reached XP level 5. HP: 28/47 MP: 5/5
  2189 | D:3      | Reached XP level 6. HP: 28/53 MP: 6/6
  2471 | D:3      | Noticed Grinder
  2478 | D:3      | Paralysed by Grinder for 5 turns
  2486 | D:3      | Paralysed by Grinder for 4 turns
  2497 | D:3      | Killed Grinder
  2498 | D:3      | Reached skill level 5 in Fighting
  2498 | D:3      | Reached skill level 5 in Armour
  2498 | D:3      | Reached skill level 5 in Shields
  2686 | D:4      | Reached skill level 5 in Axes
  2946 | D:4      | Reached XP level 7. HP: 34/61 MP: 7/7
  3108 | D:4      | Got the Tome of the Escort
  3462 | D:4      | Found a snail-covered altar of Cheibriados.
  3462 | D:4      | Found a basalt altar of Yredelemnul.
  4578 | D:5      | Entered Level 5 of the Dungeon
  5124 | D:5      | HP: 2/62 [water moccasin (7)]
  5438 | D:5      | Reached XP level 8. HP: 34/70 MP: 8/8
  5741 | D:5      | Found a burning altar of Makhleb.
  6517 | D:6      | Noticed a green ugly thing
  6651 | D:6      | Noticed Blork the orc
  6663 | D:6      | Killed Blork the orc
  7492 | D:6      | Found a staircase to the Ecumenical Temple.
  7573 | Temple   | Entered the Ecumenical Temple
  7666 | D:4      | Became a worshipper of Cheibriados the Contemplative
  7778 | D:6      | Slain by a green ugly thing

Illustrated notes

Levels and vault maps discovered:
D:1:      erik_arrival_cave_to_civilisation [erik_arrival_cave_to_hall],
          layout_basic, kennysheep_another_room
D:2:      layout_loops_corners, basic_altar
D:3:      layout_rooms, uniq_sigmund, uniq_grinder
D:4:      layout_layer_cave, gammafunk_temple_overflow_elements
D:5:      layout_loops_ring, lemuel_coloured_pillars_altar,
          hangedman_decor_riveting
D:6:      layout_basic, minmay_temple_entry_statues, uniq_menkaure,
          uniq_blork_the_orc
Temple:   hc_temple_tempest_star

Skill      XL: |  1  2  3  4  5  6  7  8 |
---------------+-------------------------+-----
Axes           | 3 4 5 6 7 |  7.4
Fighting       | 4 5 6 7 |  7.2
Armour         | 4 5 6 7 |  7.2
Shields        | 4 5 6 7 |  7.2

Action                     |  1- 3 |  4- 6 |  7- 9 || total
---------------------------+-------+-------+-------++-------
  Melee: War axe           |   124 |    71 |   317 ||   512
  Evoke: Wand              |       |       |     6 ||     6
    Use: Potion            |       |     1 |     7 ||     8
         Scroll            |       |       |     2 ||     2
 Armour: Scale mail        |    35 |       |       ||    35
         Chain mail        |    76 |    81 |   322 ||   479
  Dodge: Dodged            |    46 |    16 |   140 ||   202
  Block: Buckler           |    39 |     5 |   105 ||   149

Table legend: (Time is in decaauts)
 A = Elapsed time spent in this place.
 B = Non-inter-level travel time spent in this place.
 C = Inter-level travel time spent in this place.
 D = Time resting spent in this place.
 E = Time spent auto-exploring this place.
 F = Levels seen in this place.
 G = Mean time per level.
                   A        B        C        D        E       F      G
               +--------+--------+--------+--------+--------+-----+--------+
         Total |   7950 |   7616 |    334 |   1324 |   5024 |   7 | 1135.7 |
       Dungeon |   7946 |   7614 |    332 |   1324 |   5024 |   6 | 1324.3 |
        Temple |      3 |      1 |      2 |      0 |      0 |   1 |    3.0 |
               +--------+--------+--------+--------+--------+-----+--------+

Top non-repeatable levels by time:
     D:3: 1705 daAuts
     D:5: 1669 daAuts
     D:6: 1491 daAuts
     D:4: 1295 daAuts
     D:2: 1020 daAuts
     D:1: 763 daAuts
  Temple: 3 daAuts
